[Event "ICC tourney 2976 (40 10)"]
[Site "Internet Chess Club"]
[Date "2022.08.06"]
[Round "3"]
[White "Nagarajan, Ramesh:rnagaraj"]
[Black "Cao, Frank Zhongtian:FrankCao"]
[Result "1-0"]
[ICCResult "Black resigns"]
[WhiteElo "1326"]
[BlackElo "1253"]
[Opening "Caro-Kann defense"]
[ECO "B10"]
[NIC "CK.01"]
[Time "15:30:17"]
[PlyCount "79"]
[TimeControl "2400+10"]

1. e4 c6 2. f4 d5 3. exd5 cxd5 4. d4 Nc6 5. Nf3 Bg4 6. Be2 e6 7. O-O Nf6 8.
Nc3 Be7 9. Be3 O-O 10. Ne5 Bxe2 11. Qxe2 Nxe5 12. fxe5 Nd7 13. Qg4 Re8 14.
Ne2 Bf8 15. Nf4 Qe7 16. Nh5 g6 17. Rf2 Bg7 18. Nf6+ Bxf6 19. exf6 Nxf6 20.
Qf3 Ne4 21. Re2 f5 22. Bf4 Rac8 23. Qb3 Rc4 24. c3 Rc6 25. Rae1 Rb6 26. Qc2
Rc6 27. Be5 Rcc8 28. Qa4 a6 29. Qb3 b5 30. a4 bxa4 31. Qxa4 Ra8 32. Rc1 Rec8
33. c4 Rxc4 34. Rxc4 dxc4 35. Qxc4 a5 36. Qc6 Qe8 37. Qb7 Qf8 38. Rc2 Nf6
39. Bxf6 Rb8 40. Qc7 {Black resigns} 1-0

[Event "ICC tourney 2976 (40 10)"]
[Site "Internet Chess Club"]
[Date "2022.08.06"]
[Round "3"]
[White "ANGEL, BORYS:BArkadia"]
[Black "Hyzer, Evan:ehyzer"]
[Result "0-1"]
[ICCResult "White checkmated"]
[WhiteElo "1434"]
[BlackElo "1053"]
[Opening "Sicilian defense"]
[ECO "B44"]
[NIC "SI.39"]
[Time "15:30:14"]
[PlyCount "90"]
[TimeControl "2400+10"]

1. e4 c5 2. Nf3 e6 3. d4 cxd4 4. Nxd4 Nc6 5. c4 a6 6. Nc3 Qc7 7. Be2 Nf6 8.
a3 Bc5 9. Nxc6 bxc6 10. b4 Ba7 11. c5 Bb7 12. f4 O-O 13. g4 Rfd8 14. g5 Ne8
15. e5 g6 16. h4 Ng7 17. Ne4 Nf5 18. h5 Kg7 19. Qd3 a5 20. Qh3 Rh8 21. h6+
Kf8 22. O-O axb4 23. axb4 Nd4 24. Qd3 Nf5 25. Nf6 Ke7 26. Bb2 Rhd8 27. Kh2
Rh8 28. Rfd1 Bc8 29. Rd2 Qb7 30. Rad1 Qxb4 31. Rf1 Bxc5 32. Bg4 Ne3 33. Bc3
Nxf1+ 34. Qxf1 Qxc3 35. Ne4 Qb4 36. Bf3 Ba6 37. Qd1 Rhd8 38. Kg3 Be3 39. Rd6
Bc4 40. Nf6 Bd5 41. Bxd5 Qxf4+ 42. Kh3 cxd5 43. Rxd5 Qf5+ 44. Kg2 Ra2+ 45.
Kh1 Qh3# {White checkmated} 0-1

[Event "ICC tourney 2976 (40 10)"]
[Site "Internet Chess Club"]
[Date "2022.08.06"]
[Round "3"]
[White "YU, VINCENT ZHIWEN:vincentyu"]
[Black "LIN, LEIA:K05-17110828"]
[Result "0-1"]
[ICCResult "White checkmated"]
[WhiteElo "715"]
[BlackElo "1310"]
[Opening "Queen's bishop game"]
[ECO "A45"]
[NIC "QP.07"]
[Time "15:30:38"]
[PlyCount "130"]
[TimeControl "2400+10"]

1. d4 Nf6 2. Bf4 d5 3. Nf3 Bf5 4. e3 e6 5. Nbd2 Be7 6. c3 Nbd7 7. Be2 O-O 8.
O-O h6 9. h3 c5 10. Rc1 Rc8 11. Qb3 Nb6 12. dxc5 Bxc5 13. Nd4 Bg6 14. N2f3
Bd6 15. Ne5 Bh7 16. Bh2 Nfd7 17. f4 Bxe5 18. fxe5 Qg5 19. Bf4 Qe7 20. Nb5
Nc5 21. Qa3 a6 22. Nd6 Rc6 23. b4 Ne4 24. Nxe4 Bxe4 25. Rfd1 Rfc8 26. Bd3
Bxd3 27. Rxd3 Nc4 28. Qb3 Qh4 29. Bh2 Qh5 30. Qc2 b5 31. Qd1 Qxd1+ 32. Rdxd1
Nxe3 33. Rd3 Nc4 34. Rc2 Nb6 35. Kf1 Na4 36. Bg1 Nxc3 37. Bd4 Ne4 38. Rxc6
Rxc6 39. Kg1 Rc2 40. Ra3 Rc6 41. Kh2 Nd2 42. Bc5 Nc4 43. Rg3 Nxe5 44. a3 f6
45. Kg1 Kf7 46. Kf2 Nd7 47. Rc3 e5 48. Rc2 d4 49. Ke2 Ke6 50. Kd3 Kd5 51. g4
e4+ 52. Kd2 Nxc5 53. Rxc5+ Rxc5 54. bxc5 Kxc5 55. a4 bxa4 56. g5 hxg5 57. h4
g4 58. Kc1 Kc4 59. h5 g3 60. h6 gxh6 61. Kb1 Kc3 62. Ka2 g2 63. Ka3 g1=Q 64.
Ka2 Qg8+ 65. Ka3 Qb3# {White checkmated} 0-1

[Event "ICC tourney 2976 (40 10)"]
[Site "Internet Chess Club"]
[Date "2022.08.06"]
[Round "4"]
[White "SIMPSON, CHARLES D:The-Rider"]
[Black "ANGEL, BORYS:BArkadia"]
[Result "0-1"]
[ICCResult "White checkmated"]
[WhiteElo "997"]
[BlackElo "1434"]
[Opening "Scotch gambit"]
[ECO "C44"]
[NIC "SO.06"]
[Time "17:45:53"]
[PlyCount "122"]
[TimeControl "2400+10"]

1. e4 e5 2. Nf3 Nc6 3. d4 exd4 4. Bc4 Bc5 5. c3 dxc3 6. Bxf7+ Kxf7 7. Qd5+
Ke8 8. Qxc5 d6 9. Qxc3 Nf6 10. Bg5 h6 11. Bxf6 gxf6 12. O-O Rg8 13. Nbd2 Qd7
14. Qxf6 Qg4 15. g3 Qh5 16. Qh4 Qg6 17. e5 Be6 18. exd6 cxd6 19. Rfe1 Kd7
20. Qe4 Bf5 21. Nh4 Bxe4 22. Nxg6 Bxg6 23. Re3 Rae8 24. Ra3 Re2 25. Nc4 Rf8
26. Re3 Rfxf2 27. Rxe2 Rxe2 28. b3 Be4 29. Rd1 Rg2+ 30. Kf1 Rxh2 31. Rxd6+
Kc7 32. Re6 Bd5 33. Re3 Bxc4+ 34. bxc4 Rxa2 35. Re6 Rc2 36. Rxh6 Rxc4 37.
Rh7+ Kb6 38. Kg2 a5 39. Kh3 a4 40. Rf7 a3 41. Rf1 Ka5 42. g4 a2 43. Ra1 Ra4
44. g5 Ne5 45. Kg3 b5 46. Kf2 b4 47. Ke2 b3 48. Kd2 b2 49. Rxa2 Rxa2 50. Kc2
Nc4 51. g6 Ra1 52. g7 b1=Q+ 53. Kc3 Ra3+ 54. Kxc4 Qe4+ 55. Kc5 Qe5+ 56. Kc6
Qxg7 57. Kd6 Qd4+ 58. Kc6 Rc3+ 59. Kb7 Qb4+ 60. Ka7 Qb6+ 61. Ka8 Rc8#
{White checkmated}
0-1

[Event "ICC tourney 2976 (40 10)"]
[Site "Internet Chess Club"]
[Date "2022.08.06"]
[Round "4"]
[White "LIN, CARL:K01-17110834"]
[Black "ZHOU, YUCHEN:K01-30171464"]
[Result "1-0"]
[ICCResult "Black checkmated"]
[WhiteElo "1275"]
[BlackElo "904"]
[Opening "Sicilian: Najdorf"]
[ECO "B90"]
[NIC "SI.14"]
[Time "17:45:55"]
[PlyCount "145"]
[TimeControl "2400+10"]

1. e4 c5 2. Nf3 d6 3. d4 cxd4 4. Nxd4 Nf6 5. Nc3 a6 6. Bd3 b5 7. a3 Bb7 8.
O-O g6 9. Be3 Bg7 10. Qd2 O-O 11. Rfe1 Nc6 12. Nxc6 Bxc6 13. Bh6 Qc7 14. h3
Nd7 15. Rad1 Nc5 16. Bxg7 Kxg7 17. Na2 Nxd3 18. Qxd3 Rac8 19. Nb4 Bb7 20.
Rc1 Qc4 21. Qxc4 Rxc4 22. f3 Rfc8 23. c3 a5 24. Nc2 e6 25. Ne3 R4c5 26. Kf2
d5 27. exd5 Bxd5 28. Nxd5 Rxd5 29. Re2 Kf6 30. Rec2 a4 31. Rb1 h5 32. b3 Rd3
33. bxa4 bxa4 34. Rbc1 Ke5 35. Ke2 Rd5 36. c4 Rdc5 37. Kd3 h4 38. Rb1 R8c7
39. Rb4 Ra5 40. Rb5+ Rxb5 41. cxb5 Rxc2 42. Kxc2 Kd5 43. b6 Kc6 44. Kc3 Kxb6
45. Kb4 f5 46. Kxa4 e5 47. Kb4 Kc6 48. Kc4 g5 49. a4 Kb6 50. Kd5 Ka5 51.
Kxe5 Kxa4 52. Kxf5 Kb5 53. Kxg5 Kc6 54. Kxh4 Kd6 55. g4 Ke6 56. f4 Kf7 57.
Kg5 Kg8 58. h4 Kh8 59. h5 Kg8 60. h6 Kf8 61. Kg6 Kg8 62. g5 Kh8 63. f5 Kg8
64. f6 Kh8 65. Kf5 Kg8 66. g6 Kh8 67. g7+ Kg8 68. Ke6 Kh7 69. f7 Kg6 70.
f8=Q Kh5 71. g8=Q Kh4 72. h7 Kh5 73. h8=Q# {Black checkmated} 1-0

[Event "ICC tourney 2976 (40 10)"]
[Site "Internet Chess Club"]
[Date "2022.08.06"]
[Round "4"]
[White "BOGIN, THEODORE:tbogin1"]
[Black "HERST, WARD:uschesspupil"]
[Result "1-0"]
[ICCResult "Black resigns"]
[WhiteElo "1262"]
[BlackElo "1244"]
[Opening "Caro-Kann defense"]
[ECO "B15"]
[NIC "CK.05"]
[Time "17:45:59"]
[PlyCount "101"]
[TimeControl "2400+10"]

1. e4 c6 2. d4 d5 3. Nc3 e6 4. e5 Bb4 5. Bd3 Bxc3+ 6. bxc3 f6 7. f4 fxe5 8.
fxe5 Ne7 9. Nf3 h6 10. O-O Qa5 11. Bd2 Qc7 12. Nh4 g5 13. Qh5+ Kd7 14. Bxg5
c5 15. Rf7 Nc6 16. Bxe7 Nxe7 17. Rxe7+ Kxe7 18. Ng6+ Kd7 19. Nxh8 Kc6 20.
Nf7 Bd7 21. Nd6 a6 22. Rb1 b5 23. a4 Rb8 24. axb5+ axb5 25. Bxb5+ Rxb5 26.
Rxb5 cxd4 27. cxd4 Qa7 28. Rc5+ Kb6 29. Qf7 Qa1+ 30. Qf1 Qxd4+ 31. Qf2 Qxc5
32. Qxc5+ Kxc5 33. Kf2 Kd4 34. Kf3 Ba4 35. Kf4 Bxc2 36. Nf7 Kc3 37. Nxh6 d4
38. Ng4 Bf5 39. Nf2 Kd2 40. g4 Bc2 41. h4 Ke2 42. Kg3 d3 43. Ne4 d2 44. Nxd2
Kxd2 45. Kf4 Kd3 46. Kg5 Kd4 47. Kf6 Bd1 48. g5 Bh5 49. g6 Bxg6 50. Kxg6
Kxe5 51. h5 {Black resigns} 1-0

[Event "ICC tourney 2976 (40 10)"]
[Site "Internet Chess Club"]
[Date "2022.08.06"]
[Round "4"]
[White "Cao, Frank Zhongtian:FrankCao"]
[Black "YU, VINCENT ZHIWEN:vincentyu"]
[Result "1-0"]
[ICCResult "Black checkmated"]
[WhiteElo "1253"]
[BlackElo "715"]
[Opening "Sicilian: Pin variation (Sicilian counter-attack)"]
[ECO "B41"]
[NIC "SI.41"]
[Time "17:45:54"]
[PlyCount "87"]
[TimeControl "2400+10"]

1. e4 c5 2. Nf3 e6 3. d4 cxd4 4. Nxd4 Nf6 5. Nc3 Bb4 6. f3 O-O 7. Be2 Nc6 8.
O-O Bc5 9. Be3 Nxd4 10. Bxd4 Bxd4+ 11. Qxd4 b6 12. Rad1 Bb7 13. e5 Nd5 14.
Nxd5 exd5 15. f4 Qc7 16. c3 d6 17. exd6 Qxd6 18. Bf3 Rfd8 19. c4 Rd7 20.
Bxd5 Rad8 21. Rfe1 Bxd5 22. cxd5 Qxd5 23. Qxd5 Rxd5 24. Rxd5 Rc8 25. Rde5 h6
26. Re8+ Rxe8 27. Rxe8+ Kh7 28. Re7 Kg6 29. Rxa7 Kf6 30. Ra6 Kf5 31. Rxb6
Kxf4 32. Kf2 Kg5 33. a4 f6 34. a5 Kg6 35. a6 Kh7 36. a7 Kg6 37. a8=Q h5 38.
Qe4+ Kh6 39. Qf4+ Kg6 40. h4 Kh7 41. Qf5+ Kh6 42. Rb8 g6 43. Qxf6 Kh7 44.
Rh8# {Black checkmated} 1-0

[Event "ICC tourney 2976 (40 10)"]
[Site "Internet Chess Club"]
[Date "2022.08.06"]
[Round "4"]
[White "Britt, Marquavious:marqbritt"]
[Black "Hyzer, Evan:ehyzer"]
[Result "1-0"]
[ICCResult "Black resigns"]
[WhiteElo "1186"]
[BlackElo "1053"]
[Opening "Réti: old Indian attack"]
[ECO "A06"]
[NIC "QP.09"]
[Time "17:45:52"]
[PlyCount "91"]
[TimeControl "2400+10"]

1. Nf3 d5 2. d3 c5 3. b3 Nc6 4. Bb2 Bg4 5. Nbd2 Nf6 6. e3 Qc7 7. Be2 e5 8.
O-O Rd8 9. h3 Bh5 10. Ne1 Bg6 11. Rc1 Bd6 12. c4 d4 13. e4 a6 14. Nef3 b5
15. Nh4 Qa5 16. Ra1 Nb4 17. a3 Nc6 18. Nxg6 hxg6 19. b4 Qb6 20. bxc5 Bxc5
21. cxb5 axb5 22. Qc2 Be7 23. Rfb1 O-O 24. Bc1 Rc8 25. Qb2 Rb8 26. a4 b4 27.
Nc4 Qa6 28. f4 exf4 29. Bxf4 Rb7 30. Bf3 Nh5 31. Bh2 Na5 32. Nxa5 Qxa5 33.
e5 Rc7 34. e6 Rc3 35. exf7+ Rxf7 36. Qa2 Nf6 37. Bd1 Ra3 38. Qc4 Rc3 39. Qb5
Qxb5 40. axb5 Kh7 41. Bb3 Rf8 42. b6 Bd6 43. Bxd6 Re8 44. b7 Rxd3 45. b8=Q
Re2 46. Bc4 {Black resigns} 1-0

[Event "ICC tourney 2976 (40 10)"]
[Site "Internet Chess Club"]
[Date "2022.08.06"]
[Round "4"]
[White "LIN, LEIA:K05-17110828"]
[Black "Nagarajan, Ramesh:rnagaraj"]
[Result "0-1"]
[ICCResult "White checkmated"]
[WhiteElo "1310"]
[BlackElo "1326"]
[Opening "Sicilian: dragon, classical, Amsterdam variation"]
[ECO "B72"]
[NIC "SI.32"]
[Time "17:47:08"]
[PlyCount "112"]
[TimeControl "2400+10"]

1. e4 c5 2. Nf3 Nc6 3. d4 cxd4 4. Nxd4 d6 5. Nc3 g6 6. Be3 Bg7 7. Be2 Nf6 8.
Qd2 a6 9. h3 O-O 10. O-O Bd7 11. Rfd1 Qc7 12. Rac1 Rfe8 13. Nd5 Nxd5 14.
exd5 Nxd4 15. Bxd4 Bxd4 16. Qxd4 b5 17. b3 Qa5 18. Qb2 Rac8 19. c4 bxc4 20.
bxc4 Rb8 21. Qd2 Qxd2 22. Rxd2 Rec8 23. Rdc2 a5 24. Bd3 a4 25. Re1 e6 26.
dxe6 Bxe6 27. Rec1 h5 28. Bf1 Kg7 29. Rd1 Rb6 30. Bd3 Rcb8 31. Rdc1 Rb2 32.
Be4 a3 33. Bc6 Rxc2 34. Rxc2 Rb2 35. Rc3 Rxa2 36. Bd5 Bxd5 37. cxd5 Kf6 38.
Re3 Ra1+ 39. Kh2 a2 40. Ra3 Ke5 41. Kg3 Kxd5 42. Kf3 Kc4 43. Ke2 d5 44. g3
d4 45. Ra8 d3+ 46. Kf3 d2 47. Rc8+ Kb5 48. Rb8+ Kc6 49. h4 d1=Q+ 50. Kf4
Qd2+ 51. Ke4 Re1+ 52. Kf3 a1=Q 53. Rb6+ Kxb6 54. g4 Qa3+ 55. Kg2 Qd5+ 56.
Kh2 Qh1# {White checkmated} 0-1

[Event "ICC tourney 2976 (40 10)"]
[Site "Internet Chess Club"]
[Date "2022.08.06"]
[Round "4"]
[White "procopio, Patti:prostripe"]
[Black "WESLEY, GEORGE:Maglars"]
[Result "0-1"]
[ICCResult "White resigns"]
[WhiteElo "1080"]
[BlackElo "1002"]
[Opening "Queen's pawn, Mason variation"]
[ECO "D00"]
[NIC "QP.08"]
[Time "17:45:52"]
[PlyCount "150"]
[TimeControl "2400+10"]

1. d4 d5 2. Bf4 Nc6 3. Nf3 Nf6 4. Nc3 Bf5 5. Nb5 Rc8 6. Nxc7+ Rxc7 7. Bxc7
Qxc7 8. c3 e5 9. Nxe5 Nxe5 10. dxe5 Qxe5 11. e3 Be7 12. Bb5+ Nd7 13. Bxd7+
Kxd7 14. Qd4 Qxd4 15. exd4 Re8 16. O-O Bg5 17. Rfe1 Rxe1+ 18. Rxe1 Be6 19.
g3 h5 20. f4 Bf6 21. Kg2 Be7 22. Rf1 g6 23. h3 Bf5 24. Re1 Kd6 25. h4 b5 26.
b3 Kd7 27. Re5 Be6 28. Kf3 Bd6 29. Re3 a5 30. Re1 Kc6 31. Rc1 Ba3 32. Rc2
Bf5 33. Re2 Be6 34. Re5 Bd6 35. Re1 Kb6 36. Kf2 Kc7 37. Ke3 Kd7 38. Kd2 Kc7
39. Kc2 Kb6 40. Kb2 Ka6 41. a3 Kb6 42. Re3 Ka6 43. a4 bxa4 44. bxa4 Kb6 45.
Kb3 Be7 46. Re2 Kc6 47. Rb2 Kc7 48. Ka2 Bd7 49. Re2 Kd6 50. Kb3 Be6 51. Rc2
Bf5 52. Rc1 Kc6 53. c4 dxc4+ 54. Rxc4+ Kb6 55. d5 Bd7 56. Re4 Bb4 57. Rc4
Kb7 58. Re4 Kb6 59. Rc4 Kb7 60. Rc2 Kb6 61. Rc1 Bd2 62. Rd1 Bb4 63. Ra1 Kb7
64. Kc4 Kb6 65. Ra2 Kc7 66. Kd3 Kd6 67. Kd4 Bc5+ 68. Kc4 Bb4 69. Kd4 Be1 70.
Ra3 Bb4 71. Ra2 Bc5+ 72. Ke4 Bf5+ 73. Kf3 Kxd5 74. Rd2+ Bd4 75. Re2 Bg4+
{White resigns}
0-1

[Event "ICC tourney 2976 (40 10)"]
[Site "Internet Chess Club"]
[Date "2022.08.06"]
[Round "5"]
[White "SRIPADA, ANISHA:waterycargo"]
[Black "Xu, David:swiecsd"]
[Result "1-0"]
[ICCResult "Black resigns"]
[WhiteElo "1259"]
[BlackElo "669"]
[Opening "Queen's pawn, Mason variation"]
[ECO "D00"]
[NIC "QP.08"]
[Time "20:00:43"]
[PlyCount "64"]
[TimeControl "2400+10"]

1. d4 d5 2. Bf4 Nf6 3. e3 c5 4. Nf3 e6 5. c3 Be7 6. Bd3 O-O 7. h3 c4 8. Bc2
Qb6 9. Qc1 Nbd7 10. O-O Ne4 11. Nbd2 Nxd2 12. Nxd2 Nf6 13. e4 Qc6 14. e5 Ne4
15. Nxe4 dxe4 16. Re1 f6 17. Bxe4 Qd7 18. Qd2 fxe5 19. Bxe5 Bc5 20. Qc2 Bd6
21. Bxh7+ Kh8 22. Bxd6 Qxd6 23. Be4 e5 24. dxe5 Qxe5 25. Bxb7 Qxe1+ 26. Rxe1
Bxb7 27. Qe2 Rac8 28. Qh5+ Kg8 29. Qg6 Rc7 30. Qe6+ Kh7 31. Re5 g5 32. Rxg5
Rg7 {Black resigns} 1-0

[Event "ICC tourney 2976 (40 10)"]
[Site "Internet Chess Club"]
[Date "2022.08.06"]
[Round "5"]
[White "HERST, WARD:uschesspupil"]
[Black "ZHOU, YUCHEN:K01-30171464"]
[Result "0-1"]
[ICCResult "White resigns"]
[WhiteElo "1244"]
[BlackElo "904"]
[Opening "Benoni: 6.e4"]
[ECO "A65"]
[NIC "BI.38"]
[Time "20:00:33"]
[PlyCount "58"]
[TimeControl "2400+10"]

1. d4 Nf6 2. c4 c5 3. d5 e6 4. Nc3 exd5 5. cxd5 d6 6. e4 Nbd7 7. Bb5 g6 8.
Nf3 a6 9. Bd3 Bg7 10. O-O O-O 11. Re1 Qc7 12. a3 b5 13. h3 c4 14. Bc2 Bb7
15. Re3 Rfe8 16. b3 cxb3 17. Bxb3 Nxe4 18. Nxe4 Bxa1 19. Bd2 Bg7 20. Bb4 Nc5
21. Bxc5 dxc5 22. Qe1 c4 23. Nf6+ Bxf6 24. Rxe8+ Rxe8 25. Qxe8+ Kg7 26. Bc2
Bxd5 27. Qe3 Qe7 28. Qf4 Qxa3 29. g4 Qxf3 {White resigns} 0-1

[Event "ICC tourney 2976 (40 10)"]
[Site "Internet Chess Club"]
[Date "2022.08.06"]
[Round "5"]
[White "Hyzer, Evan:ehyzer"]
[Black "LIN, LEIA:K05-17110828"]
[Result "1-0"]
[ICCResult "Black checkmated"]
[WhiteElo "1053"]
[BlackElo "1310"]
[Opening "QGD: Neo-orthodox variation, 7.Bh4"]
[ECO "D56"]
[NIC "QI.01"]
[Time "20:00:05"]
[PlyCount "85"]
[TimeControl "2400+10"]

1. d4 Nf6 2. c4 e6 3. Nf3 d5 4. Nc3 Be7 5. Bg5 h6 6. Bh4 O-O 7. e3 Nbd7 8.
Be2 Re8 9. cxd5 exd5 10. O-O Nf8 11. Rc1 Bf5 12. Ne5 c6 13. g4 Be6 14. f4
Ne4 15. Nxe4 Bxh4 16. Nc5 Qc7 17. Nxe6 Nxe6 18. Nf3 Be7 19. h4 Bf8 20. Kf2
Qe7 21. Qd3 Rad8 22. g5 h5 23. Rce1 g6 24. Ne5 Ng7 25. Rg1 Nf5 26. Bxh5 Nxh4
27. Rh1 Nf5 28. Bg4 Ng7 29. Rh2 Ne6 30. Reh1 Bg7 31. Nxg6 Qd6 32. Ne5 Nf8
33. Qf1 Qb4 34. Rh4 Qd2+ 35. Kf3 Qc2 36. Qh3 Qe4+ 37. Kf2 Qc2+ 38. Be2 Ng6
39. Rh7 Qe4 40. Rxg7+ Kxg7 41. Qh6+ Kg8 42. Qh7+ Kf8 43. Qxf7#
{Black checkmated}
1-0

[Event "ICC tourney 2976 (40 10)"]
[Site "Internet Chess Club"]
[Date "2022.08.06"]
[Round "5"]
[White "Cao, Frank Zhongtian:FrankCao"]
[Black "BOGIN, THEODORE:tbogin1"]
[Result "1-0"]
[ICCResult "Black resigns"]
[WhiteElo "1253"]
[BlackElo "1262"]
[Opening "Robatsch defense"]
[ECO "B06"]
[NIC "KF.05"]
[Time "20:01:34"]
[PlyCount "79"]
[TimeControl "2400+10"]

1. e4 g6 2. d4 Bg7 3. Nc3 c6 4. Nf3 d5 5. Be2 dxe4 6. Nxe4 Nf6 7. Nxf6+ Bxf6
8. c3 O-O 9. O-O Nd7 10. Bf4 Qb6 11. Qb3 Qxb3 12. axb3 c5 13. dxc5 Nxc5 14.
b4 Ne6 15. Be3 a6 16. Rfd1 Nc7 17. Bb6 Ne6 18. Be3 g5 19. Nd4 Nxd4 20. Bxd4
Bxd4 21. Rxd4 e5 22. Rdd1 f5 23. b5 f4 24. bxa6 bxa6 25. f3 h5 26. h3 Rf6
27. Ra5 Rb8 28. Bc4+ Be6 29. Rxa6 Re8 30. Rdd6 Kf7 31. Bxe6+ Rfxe6 32. Rxe6
Rxe6 33. Rxe6 Kxe6 34. Kf2 Kd5 35. b4 Kc4 36. g3 fxg3+ 37. Kxg3 Kd5 38. b5
Kc5 39. c4 Kb6 40. h4 {Black resigns} 1-0

[Event "ICC tourney 2976 (40 10)"]
[Site "Internet Chess Club"]
[Date "2022.08.06"]
[Round "5"]
[White "Nagarajan, Ramesh:rnagaraj"]
[Black "Britt, Marquavious:marqbritt"]
[Result "1-0"]
[ICCResult "Black resigns"]
[WhiteElo "1326"]
[BlackElo "1186"]
[Opening "French: Labourdonnais variation"]
[ECO "C00"]
[NIC "FR.01"]
[Time "20:14:16"]
[PlyCount "113"]
[TimeControl "2400+10"]

1. e4 e6 2. f4 d5 3. exd5 Qxd5 4. Nc3 Qd8 5. Nf3 Nf6 6. d4 Bb4 7. Bd3 Bxc3+
8. bxc3 O-O 9. O-O b6 10. Ne5 a5 11. a4 Ba6 12. Be3 Bxd3 13. cxd3 Nd5 14.
Qd2 f6 15. Nf3 Nxe3 16. Qxe3 Re8 17. Qe4 Nd7 18. Rfe1 Nf8 19. Qc6 Qd7 20.
Qc4 Qd5 21. Kf2 Qxc4 22. dxc4 Ng6 23. g3 Rad8 24. h4 Nh8 25. Rab1 Nf7 26. h5
Nd6 27. Nd2 Nf7 28. Rb5 Nd6 29. Rb2 Nf7 30. Ne4 e5 31. fxe5 fxe5 32. d5 Rf8
33. Kg2 Rfe8 34. Rb5 Nd6 35. Nxd6 Rxd6 36. Kf3 g6 37. h6 g5 38. Ke4 Rxh6 39.
c5 Kf7 40. Rf1+ Ke7 41. c4 Kd7 42. Rf7+ Re7 43. c6+ Ke8 44. Rf1 Rd6 45. c5
bxc5 46. Rxc5 h5 47. Rxa5 Rd8 48. Rf5 h4 49. Rxg5 hxg3 50. Rxg3 Kf8 51. Ra7
Rh7 52. Rf3+ Ke8 53. Rf5 Rb8 54. Rxe5+ Kd8 55. Re6 Rb4+ 56. Kf5 Rh5+ 57. Kg6
{Black resigns}
1-0

[Event "ICC tourney 2976 (40 10)"]
[Site "Internet Chess Club"]
[Date "2022.08.06"]
[Round "5"]
[White "ANGEL, BORYS:BArkadia"]
[Black "LIN, CARL:K01-17110834"]
[Result "0-1"]
[ICCResult "White resigns"]
[WhiteElo "1434"]
[BlackElo "1275"]
[Opening "Giuoco Pianissimo: Italian four knights variation"]
[ECO "C50"]
[NIC "IG.02"]
[Time "20:00:07"]
[PlyCount "134"]
[TimeControl "2400+10"]

1. e4 e5 2. Nf3 Nc6 3. Bc4 Bc5 4. Nc3 Nf6 5. d3 h6 6. O-O O-O 7. Ne2 d6 8.
h3 Be6 9. Bxe6 fxe6 10. c3 d5 11. exd5 exd5 12. d4 exd4 13. cxd4 Bb6 14. Ne5
Nxe5 15. dxe5 Ne4 16. Nd4 Qe7 17. Nf3 Rad8 18. Be3 d4 19. Bxd4 Bxd4 20. Nxd4
Qxe5 21. Qb3+ Qd5 22. Rfe1 Qxb3 23. Nxb3 Nd2 24. Nc5 Rd5 25. Ne6 Rc8 26.
Rad1 c6 27. Nf4 Rd4 28. Ne2 Rd3 29. Ng3 Rcd8 30. Rc1 R3d4 31. Nf5 Rf4 32.
Ng3 Rf6 33. Re7 Rb8 34. Rc2 Rd6 35. Nf5 Rd5 36. Rxg7+ Kf8 37. Rh7 Kg8 38.
Rxh6 Nf3+ 39. gxf3 Rxf5 40. Rc4 Rxf3 41. Rg4+ Kf7 42. Kg2 Rf5 43. h4 Rf8 44.
Rg5 Rf4 45. h5 Ke8 46. Re5+ Kd7 47. Re2 Rh4 48. Kg3 Rff4 49. f3 Rd4 50. Rh7+
Kd6 51. h6 Rh5 52. f4 Rd1 53. Rxb7 Rxh6 54. Rxa7 Rg6+ 55. Kf3 Rh1 56. Rd2+
Kc5 57. Ra5+ Kb6 58. Rg5 Rf6 59. Rd4 Rf1+ 60. Kg3 Rg1+ 61. Kh4 Rh6+ 62. Rh5
Rh1+ 63. Kg4 R6xh5 64. f5 Rh8 65. Kf4 Rf8 66. Ke5 Rf1 67. Rf4 Re8+
{White resigns}
0-1

[Event "ICC tourney 2976 (40 10)"]
[Site "Internet Chess Club"]
[Date "2022.08.06"]
[Round "5"]
[White "WESLEY, GEORGE:Maglars"]
[Black "YU, VINCENT ZHIWEN:vincentyu"]
[Result "0-1"]
[ICCResult "White checkmated"]
[WhiteElo "1002"]
[BlackElo "715"]
[Opening "English: symmetrical variation"]
[ECO "A38"]
[NIC "EO.64"]
[Time "20:00:29"]
[PlyCount "118"]
[TimeControl "2400+10"]

1. c4 c5 2. Nc3 Nc6 3. Nf3 Nf6 4. g3 g6 5. Bg2 Bg7 6. e3 e6 7. d4 cxd4 8.
Nxd4 Nxd4 9. exd4 O-O 10. O-O Rb8 11. Bf4 Ra8 12. a4 a6 13. a5 d6 14. b4 Re8
15. Na4 Nh5 16. Be3 e5 17. Nb6 Rb8 18. Nxc8 Qxc8 19. Rc1 Qd8 20. dxe5 Bxe5
21. Qd5 Qe7 22. h4 Bg7 23. Rcd1 Red8 24. Rfe1 Qd7 25. Bg5 Bf6 26. Bh6 Bg7
27. Bg5 Bf6 28. Bc1 Bg7 29. Re2 Nf6 30. Qf3 Ne8 31. Bg5 f6 32. Bf4 Bf8 33.
Qd3 Kh8 34. Qd4 Kg8 35. Bd5+ Kh8 36. Be6 Qc7 37. Bf7 Qxf7 38. Bg5 Kg8 39.
Bf4 Rbc8 40. Rc1 Nc7 41. Qb6 Ne6 42. Qa7 Nxf4 43. gxf4 Rxc4 44. Rb1 Rxf4 45.
Rbe1 Rxh4 46. Rb1 Rc4 47. Qe3 Rc7 48. Qb6 Rc6 49. Qd4 Rc4 50. Qd2 Rc7 51.
Qd4 Re7 52. Rc2 Red7 53. Re2 Re7 54. Rc2 Rc7 55. Re2 Re8 56. Rd2 Rc4 57. Qa7
Rg4+ 58. Kf1 Qc4+ 59. Rd3 Qxd3# {White checkmated} 0-1